 Dungeon Crawl Stone Soup version 0.19.5 (webtiles) character file.

104 vatarom the Gusty (level 4, -4/36 HPs)
             Began as a Tengu Air Elementalist on Mar 9, 2017.
             Slain by a gnoll
             ... wielding a +4 mace of protection
              (5 damage)
             ... on level 3 of the Dungeon.
             The game lasted 00:06:15 (1709 turns).

vatarom the Gusty (Tengu Air Elementalist)          Turns: 1709, Time: 00:06:15

Health: -4/36      AC: 22    Str:  9    XL:     4   Next: 80%
Magic:  5/8        EV:  2    Int: 16    God:
Gold:   113        SH:  0    Dex: 14    Spells: 3 memorised, 2 levels left

rFire  . . .     SeeInvis .     (no weapon)
rCold  . . .     Gourm    .     (armour currently unavailable)
rNeg   + + +     Faith    .     (no shield)
rPois  +         Spirit   .     (helmet currently unavailable)
rElec  .         Reflect  .     (cloak currently unavailable)
rCorr  .         Harm     .     (gloves currently unavailable)
MR     .....     NoTele   +     (boots unavailable)
Stlth  ++........               (no amulet)
                                (no ring)
                                (no ring)

@: tree-form (expiring)
A: (beak), (talons 0)
a: no special abilities


You were on level 3 of the Dungeon.
You were not hungry.
You were a tree.
You visited 1 branch of the dungeon, and saw 3 of its levels.

You collected 113 gold pieces.

Inventory:

Hand Weapons
 e - a +0 short sword
Armour
 a - a +0 robe (melded)
 f - a +1 hat (melded)
Potions
 j - a potion of flight
 k - a potion of resistance
Books
 b - a book of Air

   Spells                             Type                      Level
   a - Shock                          Conjuration/Air              1
   b - Swiftness                      Charms/Air                   2
   c - Repel Missiles                 Charms/Air                   2
   d - Static Discharge               Conjuration/Air              3
   e - Lightning Bolt                 Conjuration/Air              5
Comestibles
 c - a bread ration
 i - 3 slices of pizza


   Skills:
 - Level 2.1 Dodging
 - Level 2.0 Stealth
 - Level 2.0 Spellcasting
 - Level 1.3 Conjurations
 + Level 7.1 Air Magic


You had 2 spell levels left.
You knew the following spells:

 Your Spells              Type           Power        Failure   Level  Hunger
a - Shock                 Conj/Air       ###.         4%          1    #......
b - Repel Missiles        Chrm/Air       ##....       10%         2    ###....
c - Swiftness             Chrm/Air       ##......     10%         2    ###....


Dungeon Overview and Level Annotations

Branches:
Dungeon (3/15)

Altars:
Ru


Innate Abilities, Weirdness & Mutations

((You have a beak for a mouth.))
((You have claws for feet.))


Message History

You kill the gnoll!
Your Air Magic skill increases to level 7!
You closely miss the goblin. The goblin hits you but does no damage.
You smack the goblin!
You kill the goblin!
You hit the gnoll.
The gnoll is lightly wounded.
The gnoll hits you with a mace of protection.
* * * LOW HITPOINT WARNING * * *
You barely miss the gnoll.
The gnoll is lightly wounded.
The gnoll hits you but does no damage.
The orc wizard casts a spell.
The orc wizard seems to speed up.
Okay, then.
You closely miss the gnoll.
The gnoll is lightly wounded.
Your transformation is almost over.
The gnoll hits you with a mace of protection.
You die...

...... ...?.##
#!........ ....#.#
......##.........
....#.# .##g.
.......... ..###..
# #.##..%...... ..
.# #............
#......#
#..†g...#o##......
#.†######g####.##.
#♣.....# ########


You could see an orc wizard and a gnoll.

Vanquished Creatures
  2 gnolls (D:3)
  5 adders
  An ooze (D:1)
  A leopard gecko (D:1)
  5 bats
  A giant cockroach (D:2)
  3 goblins
  9 hobgoblins
  2 jackals
  2 frilled lizards
  2 kobolds (D:2)
  3 rats
36 creatures vanquished.

Notes
Turn   | Place    | Note
-------+----------+-------------------------------------------
     0 | D:1      | vatarom the Tengu Air Elementalist began the quest for the Orb.
     0 | D:1      | Reached XP level 1. HP: 10/10 MP: 4/4
   344 | D:1      | Reached XP level 2. HP: 11/15 MP: 1/6
   460 | D:1      | Reached skill level 5 in Air Magic
   677 | D:2      | Found a faded altar of an unknown god.
   789 | D:2      | Reached XP level 3. HP: 16/19 MP: 5/7
   879 | D:2      | Found a sacrificial altar of Ru.
  1036 | D:2      | Reached skill level 6 in Air Magic
  1256 | D:2      | Reached XP level 4. HP: 23/24 MP: 6/8
  1304 | D:2      | Learned a level 2 spell: Repel Missiles
  1307 | D:2      | Learned a level 2 spell: Swiftness
  1695 | D:3      | HP: 1/24 [orc wizard/magic dart (6)]
  1704 | D:3      | Reached skill level 7 in Air Magic
  1707 | D:3      | HP: 1/36 [gnoll/mace of protection (1)]
  1709 | D:3      | Slain by a gnoll

Skill      XL: |  1  2  3  4 |
---------------+-------------+-----
Air Magic      | 5 6 7 |  7.1
Dodging        | |  2.1
Stealth        | |  2.0
Spellcasting   | |  2.0
Conjurations   | |  1.3

Action                   |  1- 3 |  4- 6 || total
-------------------------+-------+-------++-------
Melee: Short sword       |    35 |     6 ||    41
       Kick              |    10 |     1 ||    11
       Peck              |     4 |     1 ||     5
       Unarmed           |       |    10 ||    10
 Cast: Shock             |    36 |    15 ||    51
  Use: Scroll            |     6 |     3 ||     9
       Potion            |     1 |     1 ||     2
 Stab: Sleeping          |     2 |       ||     2
  Eat: Chunk             |     2 |       ||     2
       Bread ration      |       |     1 ||     1
Armor: Robe              |    17 |     2 ||    19
       Skin              |       |     8 ||     8
Dodge: Dodged            |    39 |    11 ||    50
